 Dungeon Crawl Stone Soup version 0.17-a0-1954-g0dddeaa (webtiles) character file.

375 Enroth the Charmwright (level 6, -1/42 HPs)
             Began as an Octopode Skald on Oct 4, 2015.
             Slain by an orc
             ... wielding a +0 flail of crushing
              (3 damage)
             ... on level 4 of the Dungeon.
             The game lasted 00:17:13 (2863 turns).

Enroth the Charmwright (Octopode Skald)             Turns: 2863, Time: 00:17:13

Health: -1/42      AC:  2    Str: 12    XL:     6   Next: 73%
Magic:  9/10       EV: 13    Int: 19    God:
Gold:   224        SH:  0    Dex: 13    Spells: 4 memorised, 1 level left

rFire  . . .     SeeInvis .     q - +3 long sword
rCold  . . .     Clarity  .     (no shield)
rNeg   + . .     SustAt   +     j - +1 hat
rPois  .         Gourm    .     e - amulet of warding
rElec  .         Spirit   .     l - +5 ring of intelligence
rCorr  .         Warding  +     a - ring of sustain attributes
rMut   .         Stasis   .     (no ring)
MR     .....                    (no ring)
Stlth  ++++......               (no ring)
                                (no ring)
                                (no ring)
                                (no ring)

@: not resistant to hostile enchantments, stealthy
A: almost no armour, amphibious, 8 rings, constrict 8, camouflage 1, gelatinous
body 1
a: no special abilities


You were on level 4 of the Dungeon.
You were not hungry.

You visited 1 branch of the dungeon, and saw 4 of its levels.

You collected 224 gold pieces.

Inventory:

Hand weapons
 q - a +3 long sword (weapon)
Armour
 j - a +1 hat (worn)
Jewellery
 a - a ring of sustain attributes (right tentacle)
 e - an amulet of warding (around mantle)
 l - a +5 ring of intelligence (left tentacle)
Magical devices
 r - a wand of disintegration (4)
 s - a wand of fire (6)
Scrolls
 f - 3 scrolls of remove curse
 h - a scroll of identify
 i - a scroll of fog {unknown}
Potions
 d - 2 potions of curing
 g - a potion of haste {unknown}
 m - a potion of lignification {unknown}
Books
 b - a book of Battle

   Spells                             Type                      Level
   a - Infusion                       Charms                       1
   b - Shroud of Golubria             Charms/Translocation         2
   c - Song of Slaying                Charms                       2
   d - Spectral Weapon                Hexes/Charms                 3
   e - Regeneration                   Charms/Necromancy            3
 o - a book of Envenomations

   Spells                             Type                      Level
   a - Spider Form                    Transmutation/Poison         3
   b - Alistair's Intoxication        Transmutation/Poison         4
   c - Olgreb's Toxic Radiance        Poison                       4
   d - Poisonous Cloud                Conjuration/Poison/Air       6
Comestibles
 c - 2 bread rations


   Skills:
 + Level 3.1 Fighting
 + Level 3.2 Long Blades
 + Level 3.3 Dodging
 + Level 3.6 Stealth
 + Level 2.7 Spellcasting
 + Level 3.8 Charms
 + Level 1.6 Translocations


You had one spell level left.
You knew the following spells:

 Your Spells              Type           Power        Failure   Level  Hunger
a - Infusion              Chrm           ###...       3%          1    None
b - Shroud of Golubria    Chrm/Tloc      ##........   10%         2    ##.....
c - Regeneration          Chrm/Necr      #.........   21%         3    ###....
d - Spectral Weapon       Hex/Chrm       #.......     21%         3    ###....


Dungeon Overview and Level Annotations

Branches:
Dungeon (4/15)
 Temple: D:4-7

Altars:
Fedhas
Xom
Zin

Shops:
D:4 =

Annotations:
D:4 Vergil's ghost, average KoHu


Innate Abilities, Weirdness & Mutations

You cannot wear most types of armour.
You are amphibious.
You can wear up to eight rings at the same time.
You can use your tentacles to constrict eight enemies at once.
Your skin changes colour to match your surroundings (Stealth).
Your rubbery body absorbs attacks (AC +1).


Message History

The orc misses you.
You slash the orc!
You kill the orc!
You constrict the orc.
You kill the orc!
You constrict the orc.
You kill the orc!
The orc closely misses you.
You hit the orc. You grab the orc. You squeeze the orc, but do no damage.
The orc is heavily wounded.
You constrict the orc, but do no damage.
The orc hits you with a flail of crushing.
* * * LOW HITPOINT WARNING * * *
x2 The orc closely misses you. x2
You barely miss the orc. Your grab misses the orc. You squeeze the orc!
The orc is severely wounded.
You constrict the orc. The orc barely misses you. The orc hits you with a club.
* * * LOW HITPOINT WARNING * * *
The orc hits you with a flail of crushing.
You die...

...>.### .......##
######... ##....###
..>...... .....###
...#..### #
##.....##.##########
#####.o........o@).#
.....#o##......))o.#
...................#
.......##..........#
.......##..........#
.......##..........#
.....:.##........$.#
..............[....#
##.....%..###


You could see 2 orcs.

Vanquished Creatures
  The ghost of Rationalist the Skirmisher, a weakling DsBe of Trog (D:3)
  2 orc wizards (D:3)
  2 hounds
  Natasha (twice) (D:4)
  2 worker ants
  A hound skeleton (D:4)
  Robin (D:4)
  An ooze (D:2)
  2 worms (D:2)
  2 giant geckos
  13 orcs
  7 bats
  5 giant cockroaches
  15 goblins
  11 hobgoblins
  2 quokkas
  A ball python (D:2)
  7 giant newts
  6 kobolds
  6 rats
89 creatures vanquished.

Notes
Turn   | Place    | Note
--------------------------------------------------------------
     0 | D:1      | Enroth the Octopode Skald began the quest for the Orb.
     0 | D:1      | Reached XP level 1. HP: 14/14 MP: 3/3
   153 | D:1      | Reached XP level 2. HP: 9/19 MP: 5/5
   157 | D:1      | Learned a level 2 spell: Shroud of Golubria
   739 | D:2      | Reached XP level 3. HP: 21/24 MP: 2/6
   877 | D:2      | Found a shimmering altar of Xom.
   891 | D:2      | Noticed an angel
   895 | D:2      | Found a glowing silver altar of Zin.
  1368 | D:3      | Found a blossoming altar of Fedhas.
  1409 | D:3      | Noticed Rationalist's ghost (weakling DsBe)
  1430 | D:3      | Killed Rationalist's ghost
  1430 | D:3      | Reached skill level 1 in Stealth
  1430 | D:3      | Reached skill level 1 in Translocations
  1430 | D:3      | Reached XP level 4. HP: 9/30 MP: 0/7
  1658 | D:3      | Reached XP level 5. HP: 14/35 MP: 4/8
  1852 | D:3      | Learned a level 3 spell: Regeneration
  1856 | D:3      | Learned a level 3 spell: Spectral Weapon
  2128 | D:3      | Reached XP level 6. HP: 8/41 MP: 7/10
  2380 | D:4      | Noticed Vergil's ghost (average KoHu)
  2423 | D:4      | Noticed Robin
  2431 | D:4      | Noticed Natasha
  2432 | D:4      | Killed Robin
  2445 | D:4      | Found Zaisoen's Jewellery Boutique.
  2455 | D:4      | Killed Natasha
  2544 | D:4      | Noticed Natasha
  2556 | D:4      | Killed Natasha
  2863 | D:4      | HP: 2/42 [orc/club (1)]
  2863 | D:4      | Slain by an orc

Vault maps used:
D:1:      lightli_arrival_statue_moat, minmay_misc_feat_columns
D:2:      grunt_temple_overflow_order_and_chaos_1
D:3:      lemuel_doored_altar
D:4:      serial_shops, nicolae_shop_statue_plus, first_bread,
          uniq_crazy_yiuf_cottage, uniq_robin, uniq_natasha

Action                   |  1- 3 |  4- 6 || total
-------------------------+-------+-------++-------
Melee: Falchion          |    88 |    28 ||   116
       Long sword        |       |    80 ||    80
       Unarmed           |       |    23 ||    23
 Cast: Shroud of Golubri |    15 |    13 ||    28
       Infusion          |     2 |     1 ||     3
       Spectral Weapon   |       |     1 ||     1
  Use: Scroll            |     1 |     8 ||     9
       Potion            |       |     1 ||     1
 Stab: Sleeping          |     5 |     8 ||    13
  Eat: Chunk             |     2 |     3 ||     5
       Bread ration      |       |     1 ||     1
